 Dungeon Crawl Stone Soup version 0.19.1 (webtiles) character file.

5145 Malachi the Cleaver (level 10, -4/84 HPs)
             Began as a Ghoul Gladiator on Nov 28, 2016.
             Was a High Priest of Okawaru.
             Slain by a killer bee (7 damage)
             ... on level 8 of the Dungeon on Nov 30, 2016.
             The game lasted 00:19:13 (7807 turns).

Malachi the Cleaver (Ghoul Gladiator)               Turns: 7807, Time: 00:19:14

Health: -4/84      AC: 15    Str: 20 (23) XL:     10   Next: 59%
Magic:  9/9        EV: 13    Int:  2 (3)  God:    Okawaru [*****.]
Gold:   372        SH:  0    Dex: 13 (14) Spells: 0 memorised, 9 levels left

rFire  . . .     SeeInvis .     y - +3 war axe
rCold  + + .     Gourm    .     C - +0 plate armour
rNeg   + + +     Faith    .     (no shield)
rPois  ∞         Spirit   .     c - +1 helmet
rElec  .         Reflect  .     (no cloak)
rCorr  .         Harm     .     (no gloves)
MR     .....     Rnd*Tele +     (no boots)
Stlth  ..........               (no amulet)
                                e - ring of protection from cold
                                m - ring of teleportation

@: agile, very slightly contaminated, rotting, hasted, very quick
A: rotting body, claws 1, carnivore 3, cold resistance 1, negative energy
resistance 3, slow regeneration 1, torment resistance, unbreathing
a: Heroism, Finesse, Renounce Religion


You were on level 8 of the Dungeon.
You worshipped Okawaru.
Okawaru was extremely pleased with you.
You were not hungry.

You visited 1 branch of the dungeon, and saw 9 of its levels.
You also visited: Ossuary.

You collected 372 gold pieces.

Inventory:

Hand Weapons
 a - a +0 war axe
 o - the +3 longbow "Yridasia" {speed, rC+}
   (You found it on level 4 of the Dungeon)

   Attacks with this weapon are significantly faster.
   It protects you from cold.
 y - a +3 war axe (weapon)
Missiles
 d - 5 throwing nets (quivered)
 D - 7 poisoned javelins
Armour
 c - a +1 helmet (worn)
 C - a +0 plate armour (worn)
Magical Staves
 b - an uncursed staff of fire {unknown}
Jewellery
 e - a ring of protection from cold (right claw)
 m - a ring of teleportation (left claw)
Wands
 h - a wand of random effects (19/48)
 q - a wand of random effects (22/48)
 r - a wand of flame (24/48)
 v - a wand of paralysis (0/24)
 w - a wand of teleportation (0/9)
 H - a wand of flame (22/48)
Scrolls
 i - 2 scrolls of remove curse
 s - 2 scrolls of magic mapping
 z - 4 scrolls of holy word
Potions
 t - 2 potions of curing
 x - a potion of haste
Books
 G - a book of Conjurations

   Spells                             Type                      Level
   a - Magic Dart                     Conjuration                  1
   b - Searing Ray                    Conjuration                  2
   c - Dazzling Spray                 Conjuration/Hexes            3
   d - Fulminant Prism                Conjuration/Hexes            4
   e - Iskenderun's Mystic Blast      Conjuration                  4
   f - Iskenderun's Battlesphere      Conjuration/Charms           5
Comestibles
 f - 2 meat rations
 j - a slice of pizza
 l - a beef jerky
 p - a royal jelly
 E - 7 chunks of flesh


   Skills:
 + Level 6.7 Fighting
 + Level 10.5 Axes
 + Level 1.8 Throwing
 + Level 7.1 Armour
 + Level 4.3 Dodging
 + Level 1.3 Stealth
 + Level 1.0 Invocations


You had 9 spell levels left.
You didn't know any spells.

Dungeon Overview and Level Annotations

Branches:
Dungeon (9/15)             Temple (0/1) D:5
   Lair: D:8-11         Orc: D:9-12

Altars:
Fedhas
Kikubaaqudgha
Okawaru
Qazlal
Ru
Uskayaw
Yredelemnul

Annotations:
D:3 veyX's ghost, amateur HOFi


Innate Abilities, Weirdness & Mutations

Your body is rotting away.
You thrive on raw meat.
You are immune to poison.
You have sharp fingernails.
You are carnivorous and can eat meat at any time.
Your flesh is cold resistant. (rC+)
You are immune to negative energy. (rN+++)
You regenerate slowly when monsters are visible.
You are immune to unholy pain and torment.
You can survive without breathing.


Message History

The killer bee stings you but does no damage.
The killer bee barely misses you.
You feel a little less mighty now.
The killer bee stings you but does no damage.
The killer bee closely misses you.
You closely miss the killer bee. You slash the killer bee!
The killer bee misses you. The killer bee closely misses you.
The killer bee stings you but does no damage.
It was a potion of degeneration.
There was something very wrong with that liquid.
You feel weakened.
You feel dopey.
You feel clumsy. The killer bee stings you!
* * * LOW HITPOINT WARNING * * *
The killer bee stings you.
* * * LOW HITPOINT WARNING * * *
The killer bee stings you but does no damage.
The killer bee closely misses you.
The killer bee buzzes angrily.
The killer bee stings you!
You die...

.... ... ..# #.#
############ ## #.#
#.....#.....
.#######.####...........
.........y.........####.
.####(...##.#.yy..## ##
#..yy##.#...@#.# ##
#####..).# .###y###.#
#y# ...yy...###.# #.##
#%#y#
#####.......##..#.# #.#
#####...........##y#y#.
...##..#.#.#.#...##y#
##.##..#<.###....#.#y#
##.##......# #.....###
......##.##)##<$....


You could see 4 killer bees.

Vanquished Creatures
  A gargoyle (D:8)
  Joseph (D:7)
  A hippogriff (D:8)
  6 yaks (D:7)
  2 hungry ghosts (D:7)
  Menkaure (D:5)
  A water moccasin (D:5)
  3 orc warriors
  A phantom (D:4)
  2 ice beasts
  3 black bears
  2 ogres
  6 centaurs
  2 bullfrogs
  2 scorpions (D:7)
  2 killer bees (D:8)
  4 wights
  3 centaur zombies
  A bullfrog zombie (D:6)
  3 hounds
  5 orc wizards
  3 orc priests
  2 jellies (D:8)
  6 worker ants
  3 big kobold zombies (Ossuary)
  2 hound zombies
  6 mummies (Ossuary)
  8 adders
  3 gnolls (D:8)
  A shadow imp (D:8)
  3 oozes
  2 adder skeletons (D:7)
  3 dart slugs
  2 worms (D:2)
  2 leopard geckos
  25 orcs
  6 giant cockroaches
  3 goblins
  6 hobgoblins
  5 jackals
  A quokka (D:7)
  12 bats
  3 frilled lizards
  2 hobgoblin zombies (Ossuary)
  A jackal zombie (D:6)
  3 kobolds
  7 rats
172 creatures vanquished.

Notes
Turn   | Place    | Note
-------+----------+-------------------------------------------
     0 | D:1      | Malachi the Ghoul Gladiator began the quest for the Orb.
     0 | D:1      | Reached XP level 1. HP: 17/17 MP: 0/0
    71 | D:1      | Found an iron altar of Okawaru.
   236 | D:1      | Became a worshipper of Warmaster Okawaru
   353 | D:1      | Reached XP level 2. HP: 25/25 MP: 1/1
   786 | D:1      | Reached skill level 3 in Axes
   786 | D:1      | Reached XP level 3. HP: 28/30 MP: 2/2
   938 | D:2      | Reached skill level 1 in Armour
  1136 | D:2      | Reached XP level 4. HP: 30/36 MP: 3/3
  1583 | D:3      | Reached XP level 5. HP: 14/42 MP: 4/4
  1669 | D:3      | Noticed veyX's ghost (amateur HOFi)
  2026 | D:4      | Got a transparent longbow
  2027 | D:4      | Identified the +3 longbow "Yridasia" {speed, rC+} (You found it on level 4 of the Dungeon)
  2066 | D:4      | Noticed a phantom
  2110 | D:4      | Killed a phantom
  2110 | D:4      | Reached skill level 4 in Axes
  2255 | D:4      | Noticed an ogre
  2261 | D:4      | HP: 2/44 [ogre/giant club (13)]
  2270 | D:4      | Killed an ogre
  2270 | D:4      | Reached * piety under Okawaru
  2270 | D:4      | Reached XP level 6. HP: 3/51 MP: 5/5
  2383 | D:5      | Entered Level 5 of the Dungeon
  2723 | D:5      | Found a staircase to the Ecumenical Temple.
  2772 | D:5      | Noticed a water moccasin
  2784 | D:5      | Killed a water moccasin
  2784 | D:5      | Reached ** piety under Okawaru
  2784 | D:5      | Reached skill level 5 in Axes
  2784 | D:5      | Reached XP level 7. HP: 29/56 MP: 6/6
  3507 | D:5      | Found a sacrificial altar of Ru.
  3683 | D:5      | Noticed Menkaure
  3689 | D:5      | Killed Menkaure
  3983 | D:6      | Reached XP level 8. HP: 29/64 MP: 4/7
  3988 | D:6      | Reached skill level 6 in Axes
  4060 | D:6      | Found a blossoming altar of Fedhas.
  4615 | D:7      | Found a hide-covered altar of Uskayaw.
  4621 | D:6      | Reached *** piety under Okawaru
  4621 | D:6      | Reached skill level 7 in Axes
  4640 | D:7      | Reached skill level 5 in Armour
  4747 | D:7      | Reached XP level 9. HP: 60/72 MP: 8/8
  4797 | D:7      | Reached skill level 8 in Axes
  4823 | D:7      | Found a sand-covered staircase.
  4823 | D:7      | Found an ancient bone altar of Kikubaaqudgha.
  4828 | D:7      | Reached skill level 5 in Fighting
  4864 | Ossuary  | Entered an ossuary
  5018 | Ossuary  | Reached **** piety under Okawaru
  5437 | D:7      | Received a gift from Okawaru
  5447 | D:7      | HP: 2/71 [yak (10)]
  5935 | D:7      | Noticed Joseph
  5950 | D:7      | Killed Joseph
  5950 | D:7      | Reached skill level 9 in Axes
  6713 | D:7      | Reached XP level 10. HP: 60/82 MP: 9/9
  6773 | D:7      | Reached skill level 1 in Invocations
  6781 | D:7      | Found a stormy altar of Qazlal.
  7372 | D:8      | Reached ***** piety under Okawaru
  7372 | D:8      | Reached skill level 10 in Axes
  7422 | D:8      | Noticed a gargoyle
  7512 | D:8      | Killed a gargoyle
  7512 | D:8      | Reached skill level 1 in Stealth
  7672 | D:8      | Found a basalt altar of Yredelemnul.
  7746 | D:8      | HP: 2/84 [killer bee (6)]
  7806 | D:8      | HP: 3/84 [killer bee (5)]
  7807 | D:8      | Slain by a killer bee

Skill      XL: |  1  2  3  4  5  6  7  8  9 10 |
---------------+-------------------------------+-----
Dodging        | 3 4 |  4.3
Axes           | 3 4 5 7 9 10 | 10.5
Armour         | 1 2 3 4 5 6 7 |  7.1
Fighting       | 3 4 5 6 |  6.7
Invocations    | 1 |  1.0
Stealth        | 1 |  1.3
Throwing       | |  1.8

Action                   |  1- 3 |  4- 6 |  7- 9 | 10-12 || total
-------------------------+-------+-------+-------+-------++-------
Melee: War axe           |   121 |   121 |   340 |   117 ||   699
       Punch             |       |       |     3 |       ||     3
Invok: Heroism           |       |       |     5 |     3 ||     8
Evoke: Wand              |       |       |     1 |     4 ||     5
  Use: Scroll            |     2 |       |     8 |     3 ||    13
       Potion            |       |       |     1 |    11 ||    12
 Stab: Held in net/web   |       |       |     1 |       ||     1
  Eat: Chunk             |     9 |    12 |    26 |    30 ||    77
Armor: Leather armour    |     6 |       |       |       ||     6
       Ring mail         |    70 |    18 |       |       ||    88
       Chain mail        |       |    75 |   203 |    61 ||   339
       Plate armour      |       |       |       |    64 ||    64
Dodge: Dodged            |   117 |    94 |   150 |   116 ||   477
